 Dungeon Crawl Stone Soup version 0.30-a0-137-gd8773701ce (webtiles) character file.

Game seed: 17905166637686360270

46 IdlyInterested the Cutter (level 3, 0/40 HPs)
             Began as a Demonspawn Gladiator on Sept 22, 2022.
             Slain by Sigmund
             ... wielding a +2 vorpal scythe
              (4 damage)
             ... on level 2 of the Dungeon.
             The game lasted 00:04:54 (2076 turns).

IdlyInterested the Cutter (Demonspawn Gladiator)    Turns: 2076, Time: 00:04:55

Health: 0/40       AC: 21    Str: 14    XL:     3   Next: 44%
Magic:  3/3        EV:  2    Int:  9    God:
Gold:   93         SH:  0    Dex: 16    Spells: 2/2 levels left

rFire   . . .      SeeInvis .    a - +1 rapier
rCold   . . .      Faith    .    (no shield)
rNeg    . . .      Spirit   .    (body armour currently unavailable)
rPois   +          Reflect  .    (helmet currently unavailable)
rElec   .          Harm     .    (cloak currently unavailable)
rCorr   .          Rampage  .    (gloves currently unavailable)
Will    .....      NoTele   +    (boots currently unavailable)
Stlth   ++........               (no amulet)
HPRegen 0.13/turn                g - ring of poison resistance
MPRegen 0.16/turn                (no ring)

@: tree-form (expiring)
A: stationary, stasis, torment immunity, boosted hp, magic regeneration
a: no special abilities


You were on level 2 of the Dungeon.
You were a tree.
You visited 1 branch of the dungeon, and saw 2 of its levels.

You collected 93 gold pieces.

Inventory:

Hand Weapons
 a - a +1 rapier (weapon)
 f - a +0 dagger
Missiles
 d - 3 throwing nets (quivered)
Armour
 b - a +0 leather armour
 c - a +0 helmet (melded)
 k - a +0 robe
 m - a +0 ring mail (melded)
Jewellery
 g - a ring of poison resistance (left branch)
Scrolls
 h - a scroll of enchant weapon
 i - 3 scrolls of blinking
Potions
 j - a potion of brilliance


   Skills:
 - Level 2.0 Fighting
 - Level 3.0 Short Blades
 - Level 1.7 Throwing
 + Level 2.9 Dodging
 * Level 2.5 Stealth


You had 2 spell levels left.
You didn't know any spells.
Your spell library contained the following spells:

 Spells                   Type           Power      Damage    Failure   Level
 Call Canine Familiar     Summ           0%         N/A       77%         3
 Portal Projectile        Hex/Tloc       0%         N/A       77%         3
 Leda's Liquefaction      Hex/Erth       0%         N/A       99%         4


Dungeon Overview and Level Annotations

Branches:
Dungeon (2/15)

Altars:
Okawaru

Annotations:
D:2 Sigmund


Innate Abilities, Weirdness & Mutations

You are a tree.
Your roots penetrate the ground, keeping you stationary.
You cannot be teleported.
You are immune to unholy pain and torment.
Your maximum health is greatly increased.
Your equipment is partially melded.
You regenerate magic rapidly.


Message History

You hit the quokka.
You kill the quokka!
Something hits you!
You swing at nothing.
You hear some strange, mumbled words.
A puff of flame appears from out of thin air!
The puff of flame hits you but does no damage.
You swing at nothing.
You hear some strange, mumbled words.
You are confused.
You swing at nothing.
Something hits you.
You swing at nothing.
A bat comes into view.
Something hits you but does no damage.
You swing at nothing.
You swing at nothing.
Something hits you but does no damage.
You cannot move. (Use ctrl+direction or * direction to attack while stationary and confused.)
You cannot move. (Use ctrl+direction or * direction to attack while stationary and confused.)
You swing at nothing.
The bat hits you but does no damage. Something hits you!
* * * LOW HITPOINT WARNING * * *
x2 You swing at nothing.
Your transformation is almost over.
You feel less confused.
Sigmund appears from thin air!
Reactivating autopickup.
The bat hits you but does no damage.
Unknown command.
You cannot move.
You swing at nothing.
The bat hits you but does no damage.
Sigmund says, "Your kind have come here before.
I understand now why.
You desire death..."
Sigmund hits you but does no damage.
You puncture the bat!
You kill the bat!
Sigmund hits you but does no damage.
You swing at nothing.
You swing at nothing.
Sigmund points at you and mumbles some strange words.
The magic dart hits you but does no damage.
Sigmund screams, "I am the angel of ZOT!!!"
Sigmund hits you from afar with a +2 vorpal scythe.
You die...

# ......... # ......... .......
...........## ...... #..........#
#.. .# #..........# #.##.# #.
#..........###....##...
#...........#........
#.................#####
#.............♣....(.. ##
#..>....####...@..... .#
##....<####..........
.####.######....#....... ..##..#
#.##.#....... ########
.....#######.##.######..##......#
#.###...##...##.# .#........
#.##............# .......<.
#.#............## .........


You could see Sigmund.

Vanquished Creatures
  An adder (D:2)
  A worm (D:2)
  2 bats
  6 endoplasms
  A goblin (D:1)
  3 quokkas (D:2)
  3 ball pythons (D:1)
  11 frilled lizards (D:1)
  4 kobolds
  3 rats
35 creatures vanquished.

Notes
Turn   | Place    | Note
-------+----------+-------------------------------------------
     0 | D:1      | IdlyInterested the Demonspawn Gladiator began the quest for
                  | the Orb.
     0 | D:1      | Reached XP level 1. HP: 16/16 MP: 1/1
    88 | D:1      | Reached skill level 1 in Stealth
   269 | D:1      | Gained mutation: You regenerate magic rapidly. [demonic
                  | ancestry]
   269 | D:1      | Reached XP level 2. HP: 21/22 MP: 2/2
   647 | D:1      | Reached skill level 3 in Short Blades
   983 | D:1      | Found a faded altar of an unknown god.
  1531 | D:2      | Found an iron altar of Okawaru.
  1547 | D:2      | Reached XP level 3. HP: 17/27 MP: 3/3
  1727 | D:2      | Noticed Sigmund
  2076 | D:2      | Slain by Sigmund

Illustrated notes

Levels and vault maps discovered:
D:1:      dpeg_arrival_round_b, layout_basic, basic_ecumenical_altar,
          hangedman_decor_push, minmay_lizard_pond
D:2:      layout_rooms, basic_altar, uniq_sigmund

Skill      XL: |  1  2 |
---------------+-------+-----
Stealth        | 1 2 |  2.5
Short Blades   | 3 |  3.0
Fighting       | |  2.0
Throwing       | |  1.7
Dodging        | |  2.9

Action                   || total
-------------------------++-------
Melee: Rapier            ||   115
       Punch             ||     2
Throw: Javelin           ||     1
  Use: Scroll            ||     7
       Potion            ||     2
 Stab: Sleeping          ||     3
Armor: Leather armour    ||    17
       Ring mail         ||    24
       Skin              ||    26
Dodge: Dodged            ||    47

Table legend: (Time is in decaauts)
 A = Elapsed time spent in this place.
 B = Non-inter-level travel time spent in this place.
 C = Inter-level travel time spent in this place.
 D = Time resting spent in this place.
 E = Time spent auto-exploring this place.
 F = Levels seen in this place.
 G = Mean time per level.
                   A        B        C        D        E       F      G
               +--------+--------+--------+--------+--------+-----+--------+
         Total |   2083 |   1882 |    201 |    592 |    796 |   2 | 1041.5 |
       Dungeon |   2083 |   1882 |    201 |    592 |    796 |   2 | 1041.5 |
               +--------+--------+--------+--------+--------+-----+--------+

Top non-repeatable levels by time:
     D:1: 1658 daAuts
     D:2: 425 daAuts
